 Dungeon Crawl Stone Soup version 0.30-a0-879-ga8ba668304 (webtiles) character file.

Game seed: 11822382670281969378

4085 Maxmaps the Skirmisher (level 10, -6/79 HPs)
             Began as a Gnoll Hunter on Mar 12, 2023.
             Was an Initiate of the Shining One.
             Mangled by a yak (14 damage)
             ... on level 9 of the Dungeon.
             The game lasted 00:11:57 (8816 turns).

Maxmaps the Skirmisher (Gnoll Hunter)               Turns: 8816, Time: 00:11:58

Health: -6/79      AC:  8    Str: 14    XL:     10   Next: 25%
Magic:  17/17      EV: 15    Int: 13    God:    the Shining One [......]
Gold:   392        SH:  5    Dex: 15    Spells: 19/19 levels left

rFire   . . .      SeeInvis .    f - +0 arbalest
rCold   . . .      Faith    .    (shield currently unavailable)
rNeg    . . .      Spirit   .    u - +5 leather armour of Pydut {Str+3}
rPois   +          Reflect  +    (no helmet)
rElec   .          Rampage  .    x - scarf {shadows}
rCorr   .                        (no gloves)
Will    +....                    (no boots)
Stlth   ++                       C - amulet of reflection
HPRegen 0.33/turn                s - ring "Kayramaq" {Wiz rPois Will+}
MPRegen 0.15/turn                (no ring)

@: glowing, studying Stealth
A: fangs 1, strong nose, distributed training
a: Renounce Religion


You were on level 9 of the Dungeon.
You worshipped the Shining One.
The Shining One was noncommittal.
You visited 2 branches of the dungeon, and saw 10 of its levels.

You collected 458 gold pieces.
You spent 66 gold pieces at shops.

Inventory:

Hand Weapons
 a - a +1 shortbow of freezing
 f - a +0 arbalest (weapon)
 i - a +2 scimitar of flaming
 z - a +2 morningstar of freezing
Missiles
 F - 3 throwing nets
Armour
 c - a +1 leather armour
 u - the +5 leather armour of Pydut (worn) {Str+3}
   (You found it on level 3 of the Dungeon)

   Str:       It affects your strength (+3).
 x - a scarf of shadows (worn)
Jewellery
 e - a +6 ring of intelligence
 p - a ring of wizardry
 s - the ring "Kayramaq" (left hand) {Wiz rPois Will+}
   (You found it on level 3 of the Dungeon)

   [ring of wizardry]

   It improves your spell success rate.
   rPois:     It protects you from poison.
   Will:      It increases your willpower.
 C - an amulet of reflection (around neck)
Wands
 t - a wand of charming (10)
 w - a wand of flame (13)
 y - a wand of mindburst (5)
Scrolls
 b - 2 scrolls of immolation
 d - a scroll of brand weapon
 g - a scroll of amnesia
 j - 2 scrolls of teleportation
 k - a scroll of fear
 o - 2 scrolls of enchant weapon
 q - 2 scrolls of enchant armour
 A - a scroll of fog
 E - 2 scrolls of identify
Potions
 h - 2 potions of haste
 m - 2 potions of curing
 n - 4 potions of might
 r - 2 potions of mutation
 v - a potion of lignification {unknown}
 B - 2 potions of attraction {unknown}
 D - a potion of invisibility {unknown}


   Skills:
 + Level 7.1 Fighting
 + Level 5.3 Short Blades
 + Level 5.3 Long Blades
 + Level 5.3 Axes
 + Level 5.3 Maces & Flails
 + Level 5.3 Polearms
 + Level 5.3 Staves
 + Level 10.1 Ranged Weapons
 + Level 5.3 Throwing
 + Level 5.3 Armour
 + Level 7.1 Dodging
 + Level 6.8 Stealth
 + Level 5.3 Shields
 + Level 5.3 Unarmed Combat
 + Level 5.3 Spellcasting
 + Level 4.3 Conjurations
 + Level 4.3 Hexes
 + Level 4.3 Summonings
 + Level 4.3 Necromancy
 + Level 4.3 Translocations
 + Level 4.3 Transmutations
 + Level 4.3 Fire Magic
 + Level 4.3 Ice Magic
 + Level 4.3 Air Magic
 + Level 4.3 Earth Magic
 + Level 4.3 Poison Magic
 + Level 5.8 Invocations
 + Level 5.3 Evocations


You had 19 spell levels left.
You didn't know any spells.
Your spell library contained the following spells:

 Spells                   Type           Power      Damage    Failure   Level
 Slow                     Hex            56%        N/A       1%          1
 Confusing Touch          Hex            14%        N/A       4%          3
 Vampiric Draining        Necr           14%        2d7       4%          3


Dungeon Overview and Level Annotations

Branches:
Dungeon (9/15)             Temple (1/1) D:5
   Lair: D:8-11         Orc: D:9-12

Altars:
Ashenzari
Dithmenos
Elyvilon
Fedhas
Gozag
Hepliaklqana
Kikubaaqudgha
Makhleb
Nemelex Xobeh
Qazlal
Ru
Sif Muna
Trog
Uskayaw
Vehumet
Wu Jian
Xom
Yredelemnul
Zin
The Shining One

Shops:
D:1 !   D:5 =?


Innate Abilities, Weirdness & Mutations

You have very sharp teeth.
Your uncanny sense of smell can sniff out nearby items.
Your experience applies equally to all skills.


Message History

The yak attacks as you move away! The yak gores you.
The yak attacks as you move away! The yak gores you!
You open the door. The yak completely misses you.
There is an open door here.
Fire: f) +0 arbalest
Press: ? - help, Q - select action, (/) - cycle Shift-Dir - straight line, f/p - yak
Aim: a yak (heavily wounded, 73% to hit)
You shoot a bolt.
The bolt hits the yak but does no damage.
The yak is heavily wounded.
The yak gores you. The yak gores you but does no damage.
Fire: f) +0 arbalest
Press: ? - help, Q - select action, (/) - cycle Shift-Dir - straight line, f/p - yak
Aim: a yak (heavily wounded, 73% to hit)
You shoot a bolt. The bolt hits the yak.
The yak is severely wounded.
The yak gores you. The yak gores you!
Fire: f) +0 arbalest
Press: ? - help, Q - select action, (/) - cycle Shift-Dir - straight line, f/p - yak
Aim: a yak (severely wounded, 73% to hit)
You shoot a bolt. The bolt barely misses the yak.
The yak barely misses you. The yak gores you! The yak barely misses you. x2
Fire: f) +0 arbalest
Press: ? - help, Q - select action, (/) - cycle Shift-Dir - straight line, f/p - yak
Aim: a yak (severely wounded, 73% to hit)
You shoot a bolt. The bolt barely misses the yak.
The yak closely misses you. x2
Fire: f) +0 arbalest
Press: ? - help, Q - select action, (/) - cycle Shift-Dir - straight line, f/p - yak
Aim: a yak (heavily wounded, 73% to hit)
You shoot a bolt. The bolt hits the yak!
The yak is almost dead.
The yak misses you. The yak gores you!
* * * LOW HITPOINT WARNING * * *
The yak gores you!
* * * LOW HITPOINT WARNING * * *
The yak completely misses you. The yak attacks as you move away!
You block the yak's attack. The yak attacks as you move away!
The yak gores you!
You die...

#########
#......#.......#
#......#.......#
#......+.....^.#
#......#.......#
#......#.......#
#......#.......#
####@##.......#
#..YY##.......#
#...Y##.......#
#.....#.......#
#######...##.......#
.....†....##.......#
.....#.....#.......#
.... #.....#.......#
... #.....#.......#


You could see 3 yaks.

Vanquished Creatures
  Erica (D:8)
  Joseph (D:7)
  Grinder (D:5)
  A wyvern (D:8)
  Sigmund (D:4)
  A yak (D:9)
  Duvessa (D:7)
  A water moccasin (D:7)
  An ice beast (D:6)
  A sky beast (D:8)
  2 orc warriors (D:7)
  2 ogres
  3 phantoms
  A kobold brigand (D:6)
  3 bullfrogs
  A scorpion (D:7)
  Dowan (D:7)
  4 howler monkeys
  3 hounds
  4 jellies
  3 orc priests
  Natasha (twice) (D:4)
  An iguana (D:4)
  2 sleepcaps
  13 orc wizards
  7 adders
  5 gnolls
  2 shadow imps
  A white imp (D:6)
  An ufetubus (D:5)
  2 worms
  3 dart slugs
  32 orcs
  2 ball pythons
  6 endoplasms
  6 giant cockroaches
  6 goblins
  9 hobgoblins
  2 jackals (D:3)
  3 quokkas
  4 bats
  5 frilled lizards
  8 kobolds
  4 rats
  A spectral orc (D:5)
  A butterfly (D:7)
165 creatures vanquished.

Vanquished Creatures (others)
  An orc wizard (D:7)
1 creature vanquished.

Grand Total: 166 creatures vanquished

Notes
Turn   | Place    | Note
-------+----------+-------------------------------------------
     0 | D:1      | Maxmaps the Gnoll Hunter began the quest for the Orb.
     0 | D:1      | Reached XP level 1. HP: 20/20 MP: 1/1
   137 | D:1      | Reached XP level 2. HP: 6/26 MP: 2/2
   230 | D:1      | Found Noteycvee's Distillery.
   322 | D:1      | Reached XP level 3. HP: 31/31 MP: 3/3
   777 | D:2      | Found a faded altar of an unknown god.
   864 | D:2      | Reached skill level 1 in Invocations
   884 | D:2      | Reached skill level 1 in Short Blades
   884 | D:2      | Reached skill level 1 in Long Blades
   884 | D:2      | Reached skill level 1 in Axes
   884 | D:2      | Reached skill level 1 in Maces & Flails
   884 | D:2      | Reached skill level 1 in Polearms
   884 | D:2      | Reached skill level 1 in Staves
   884 | D:2      | Reached skill level 1 in Throwing
   884 | D:2      | Reached skill level 1 in Armour
   884 | D:2      | Reached skill level 1 in Shields
   884 | D:2      | Reached skill level 1 in Unarmed Combat
   884 | D:2      | Reached skill level 1 in Spellcasting
   884 | D:2      | Reached skill level 1 in Evocations
   955 | D:2      | Reached XP level 4. HP: 38/38 MP: 5/5
  1010 | D:2      | Reached skill level 1 in Conjurations
  1010 | D:2      | Reached skill level 1 in Hexes
  1010 | D:2      | Reached skill level 1 in Summonings
  1010 | D:2      | Reached skill level 1 in Necromancy
  1010 | D:2      | Reached skill level 1 in Translocations
  1010 | D:2      | Reached skill level 1 in Transmutations
  1010 | D:2      | Reached skill level 1 in Fire Magic
  1010 | D:2      | Reached skill level 1 in Ice Magic
  1010 | D:2      | Reached skill level 1 in Air Magic
  1010 | D:2      | Reached skill level 1 in Earth Magic
  1010 | D:2      | Reached skill level 1 in Poison Magic
  1568 | D:3      | Identified the ring "Kayramaq" {Wiz rPois Will+}
  1635 | D:3      | Reached XP level 5. HP: 24/43 MP: 7/7
  1730 | D:3      | Identified the +5 leather armour of Pydut {Str+3}
  1873 | D:3      | Found an ornate altar of the Wu Jian Council.
  2044 | D:4      | Noticed a phantom
  2062 | D:4      | Killed a phantom
  2063 | D:4      | Reached XP level 6. HP: 41/50 MP: 8/8
  2201 | D:4      | Reached skill level 5 in Fighting
  2201 | D:4      | Reached skill level 5 in Dodging
  2695 | D:4      | Found a burning altar of Makhleb.
  2739 | D:4      | Noticed Natasha
  2742 | D:4      | Killed Natasha
  2811 | D:4      | Noticed Natasha
  2818 | D:4      | Killed Natasha
  2901 | D:4      | Reached XP level 7. HP: 49/56 MP: 10/10
  3122 | D:4      | Noticed Sigmund
  3131 | D:4      | Killed Sigmund
  3132 | D:4      | Reached skill level 9 in Ranged Weapons
  3288 | D:5      | Entered Level 5 of the Dungeon
  3310 | D:5      | Found Zet Zede's Jewellery Boutique.
  3573 | D:5      | Reached XP level 8. HP: 63/63 MP: 12/12
  3816 | D:5      | Noticed Grinder
  3826 | D:5      | Killed Grinder
  3925 | D:5      | Found a shimmering altar of Xom.
  3941 | D:5      | Found a basalt altar of Yredelemnul.
  4001 | D:5      | Found Tuhuycui's Magic Scroll Shop.
  4009 | D:5      | Bought a scroll of fog for 44 gold pieces
  4009 | D:5      | Bought a scroll of identify for 22 gold pieces
  4088 | D:5      | Found a staircase to the Ecumenical Temple.
  4350 | Temple   | Entered the Ecumenical Temple
  4554 | D:6      | Found a glowing silver altar of Zin.
  5551 | D:7      | Reached XP level 9. HP: 69/69 MP: 14/14
  5552 | D:7      | Noticed Duvessa
  5556 | D:7      | Noticed Dowan
  5558 | D:7      | Killed Duvessa
  5568 | D:7      | Killed Dowan
  5621 | D:7      | Found a white marble altar of Elyvilon.
  5691 | D:7      | Reached skill level 5 in Stealth
  5826 | D:7      | Noticed Joseph
  6146 | D:7      | Found a shimmering blue altar of Sif Muna.
  6516 | D:7      | Reached skill level 5 in Invocations
  6875 | D:7      | Killed Joseph
  7227 | D:7      | HP: 1/71 [something (6)]
  7583 | D:8      | Found a blossoming altar of Fedhas.
  7815 | D:8      | Noticed Erica
  7931 | D:8      | Killed Erica
  7932 | D:8      | Reached skill level 5 in Short Blades
  7932 | D:8      | Reached skill level 5 in Long Blades
  7932 | D:8      | Reached skill level 5 in Axes
  7932 | D:8      | Reached skill level 5 in Maces & Flails
  7932 | D:8      | Reached skill level 5 in Polearms
  7932 | D:8      | Reached skill level 5 in Staves
  7932 | D:8      | Reached skill level 10 in Ranged Weapons
  7932 | D:8      | Reached skill level 5 in Throwing
  7932 | D:8      | Reached skill level 5 in Armour
  7932 | D:8      | Reached skill level 5 in Shields
  7932 | D:8      | Reached skill level 5 in Unarmed Combat
  7932 | D:8      | Reached skill level 5 in Spellcasting
  7932 | D:8      | Reached skill level 5 in Evocations
  7932 | D:8      | Reached XP level 10. HP: 17/79 MP: 17/17
  8292 | D:8      | Found an ancient bone altar of Kikubaaqudgha.
  8298 | D:8      | Found a sacrificial altar of Ru.
  8299 | D:8      | Found a glowing golden altar of the Shining One.
  8306 | D:8      | Found a hazy altar of Hepliaklqana.
  8308 | D:8      | Found a stormy altar of Qazlal.
  8324 | D:8      | Became a worshipper of the Shining One
  8415 | D:8      | Found a radiant altar of Vehumet.
  8816 | D:9      | Mangled by a yak

Illustrated notes

Levels and vault maps discovered:
D:1:      minmay_arrival_four_circles, layout_basic, serial_shops,
          nicolae_shop_temple_entry_statues_fountains, roderic_roman_lattice,
          nicolae_wormholes
D:2:      layout_basic, nicolae_ecumenical_oubliette, minmay_strange_pillars,
          hangedman_decor_diamond_cutter, minmay_pentomino_w4
D:3:      layout_rooms, nicolae_wu_jian_wuxing_cycle
D:4:      layout_loops_ring, lightli_temple_of_fire, serial_co_window_serial,
          co_window_corner_a, co_window_corner_a, co_window_paths_a,
          co_window_paths_a, co_window_of_opportunity_a, co_window_2corner,
          co_window_of_opportunity_c, co_window_corner_ca, co_window_2corner,
          co_window_unsneaky_path_a, co_window_unsneaky_path_a, co_window_sun,
          glass_columns_c, glass_columns_a, glass_columns_a, uniq_sigmund,
          uniq_natasha
D:5:      layout_gridville, yredelemnul_forgotten_temple_becter,
          overflow_temple_1_default, minmay_temple_entry_antechambers,
          serial_shops, nicolae_shop_hallway_plus, shop_fountains, uniq_grinder
D:6:      layout_loops_ring, mainiacjoe_overflow_brackets
D:7:      layout_basic, nicolae_elyvilon_peaceful_grove,
          kennysheep_orc_sif_temple, uniq_duvessa, uniq_joseph
D:8:      layout_gridville, mainiacjoe_overflow_surrounded_room,
          minmay_overflow_temple_star_hex, overflow_temple_1_default, uniq_erica
D:9:      layout_gridville, david_lair_shrubbed, st_stairs_8, uniq_erolcha,
          uniq_gastronok
Temple:   hellmonk_temple_beads

Skill      XL: |  1  2  3  4  5  6  7  8  9 |
---------------+----------------------------+-----
Invocations    | 1 2 3 4 5 |  5.8
Short Blades   | 1 2 3 5 |  5.3
Long Blades    | 1 2 3 5 |  5.3
Axes           | 1 2 3 5 |  5.3
Maces & Flails | 1 2 3 5 |  5.3
Polearms       | 1 2 3 5 |  5.3
Staves         | 1 2 3 5 |  5.3
Throwing       | 1 2 3 5 |  5.3
Armour         | 1 2 3 5 |  5.3
Shields        | 1 2 3 5 |  5.3
Unarmed Combat | 1 2 3 5 |  5.3
Spellcasting   | 1 2 3 5 |  5.3
Evocations     | 1 2 3 5 |  5.3
Conjurations   | 1 2 3 4 |  4.3
Hexes          | 1 2 3 4 |  4.3
Summonings     | 1 2 3 4 |  4.3
Necromancy     | 1 2 3 4 |  4.3
Translocations | 1 2 3 4 |  4.3
Transmutations | 1 2 3 4 |  4.3
Fire Magic     | 1 2 3 4 |  4.3
Ice Magic      | 1 2 3 4 |  4.3
Air Magic      | 1 2 3 4 |  4.3
Earth Magic    | 1 2 3 4 |  4.3
Poison Magic   | 1 2 3 4 |  4.3
Stealth        | 3 4 6 |  6.8
Fighting       | 5 6 7 |  7.1
Dodging        | 5 6 7 |  7.1
Ranged Weapons | 9 10 | 10.1

Action                     |  1- 3 |  4- 6 |  7- 9 | 10-12 || total
---------------------------+-------+-------+-------+-------++-------
   Fire: Shortbow          |    67 |   150 |       |       ||   217
         Arbalest          |       |    15 |   255 |    30 ||   300
    Use: Scroll            |       |    10 |    12 |       ||    22
         Potion            |       |       |     5 |       ||     5
 Armour: Leather armour    |     2 |    17 |    65 |     4 ||    88
  Dodge: Dodged            |     9 |    51 |    99 |    14 ||   173
  Block: Other             |       |       |     9 |     3 ||    12
         Reflection        |       |       |     3 |       ||     3

Table legend: (Time is in decaauts)
 A = Elapsed time spent in this place.
 B = Non-inter-level travel time spent in this place.
 C = Inter-level travel time spent in this place.
 D = Time resting spent in this place.
 E = Time spent auto-exploring this place.
 F = Levels seen in this place.
 G = Mean time per level.
                   A        B        C        D        E       F      G
               +--------+--------+--------+--------+--------+-----+--------+
         Total |   9000 |   8577 |    423 |   1301 |   6069 |  10 |  900.0 |
       Dungeon |   8884 |   8476 |    408 |   1301 |   5977 |   9 |  987.1 |
        Temple |    115 |    101 |     14 |      0 |     92 |   1 |  115.0 |
               +--------+--------+--------+--------+--------+-----+--------+

Top non-repeatable levels by time:
     D:7: 1963 daAuts
     D:8: 1457 daAuts
     D:4: 1261 daAuts
     D:5: 1161 daAuts
     D:1: 849 daAuts
     D:6: 781 daAuts
     D:2: 674 daAuts
     D:3: 544 daAuts
     D:9: 192 daAuts
  Temple: 115 daAuts
